 Dungeon Crawl Stone Soup version 0.26-a0-712-ga5a9c9c9d0 (webtiles) character file.

Game seed: 5422084669837040457

41 Demosthentine the Skirmisher (level 3, -8/29 HPs)
             Began as a Demonspawn Abyssal Knight on Nov 1, 2020.
             Was a Believer of Lugonu.
             Killed from afar by Sigmund (10 damage)
             ... with a puff of flame
             ... on level 2 of the Dungeon.
             The game lasted 00:01:38 (1641 turns).

Demosthentine the Skirmisher (DsAK)                 Turns: 1641, Time: 00:01:38

Health: -8/29      AC:  3    Str: 13    XL:     3   Next: 32%
Magic:  4/4        EV: 11    Int: 13    God:    Lugonu [**....]
Gold:   25         SH:  0    Dex: 12    Spells: 2/2 levels left

rFire    . . .     SeeInvis .   a - +1 spear
rCold    . . .     Faith    .   (no shield)
rNeg     . . .     Spirit   .   b - +0 leather armour
rPois    .         Reflect  .   (no helmet)
rElec    .         Harm     .   (no cloak)
rCorr    .         Rampage  .   (no gloves)
MR       .....                  (no boots)
Stlth    +.........             (no amulet)
HPRegen  0.09/turn              (no ring)
MPRegen  0.09/turn              (no ring)

@: no status effects
A: claws 1
a: Depart the Abyss, Bend Space, Renounce Religion


You were on level 2 of the Dungeon.
You worshipped Lugonu.
Lugonu was pleased with you.
You visited 1 branch of the dungeon, and saw 2 of its levels.
You visited the Abyss 1 time.

You collected 25 gold pieces.

Inventory:

Hand Weapons
 a - a +1 spear (weapon)
Missiles
 g - 12 poisoned darts (quivered)
Armour
 b - a +0 leather armour (worn)
Scrolls
 d - a scroll of immolation
 h - a scroll of identify
Potions
 e - a potion of cancellation
 f - a potion of mutation
 i - a potion of curing {unknown}


   Skills:
 + Level 3.4 Fighting
 + Level 2.2 Polearms
 + Level 2.2 Armour
 + Level 1.6 Dodging
 - Level 2.4 Invocations


You had 2 spell levels left.
You didn't know any spells.
Your spell library was empty.

Dungeon Overview and Level Annotations

Branches:
Dungeon (2/15)

Altars:

Annotations:
D:2 Sigmund


Innate Abilities, Weirdness & Mutations

You have sharp fingernails.


Message History

It was a potion of cancellation.
You feel magically purged.
You hear some strange, mumbled words.
A puff of flame appears from out of thin air!
The puff of flame misses you.
Unknown command.
You hear some strange, mumbled words.
You are confused.
You bump into the rock wall.
You're too confused to move!
Something hits you.
You bump into the rock wall.
Something completely misses you.
You feel less confused. Something hits you!
* * * LOW HITPOINT WARNING * * *
x2 Something tries to affect you, but you resist.
Sigmund casts a spell at you. You resist with significant effort.
Sigmund gestures at you while chanting. The puff of flame hits you!
You die...

## #####.####...#
..##...........>.
#...####.######.#
#.#.####.######.###
..................
.........######.#
###.......@.....#
#.....†.........#
###.###########@###)##
#. #............... #.
#..#####.###.##. #.##
#..# #[#
#..###..########
#...............
##..##..########
#..##..####
#.........#


You could see Sigmund.

Vanquished Creatures
  A dart slug (D:1)
  A leopard gecko (D:1)
  6 bats (D:1)
  5 goblins
  4 hobgoblins
  4 jackals (D:1)
  A quokka (D:2)
  A frilled lizard (D:1)
  9 kobolds
  4 rats
36 creatures vanquished.

Notes
Turn   | Place    | Note
-------+----------+-------------------------------------------
     0 | Abyss:1  | Demosthentine the Demonspawn Abyssal Knight began the quest
                  | for the Orb.
     0 | Abyss:1  | Reached XP level 1. HP: 18/18 MP: 2/2
    29 | Abyss:1  | Noticed a starcursed mass
    30 | D:1      | Escaped the Abyss
    80 | D:1      | Reached skill level 1 in Dodging
   101 | D:1      | Reached * piety under Lugonu
   108 | D:1      | Gained mutation: You have sharp fingernails. [demonic
                  | ancestry]
   108 | D:1      | Reached XP level 2. HP: 9/24 MP: 3/3
   962 | D:1      | Reached XP level 3. HP: 24/29 MP: 4/4
  1611 | D:2      | Noticed Sigmund
  1619 | D:2      | Reached ** piety under Lugonu
  1630 | D:2      | HP: 1/29 [something (3)]
  1641 | D:2      | Killed from afar by Sigmund

Illustrated notes

Levels and vault maps discovered:
D:1:      nzn_arrival_settlement, layout_basic
D:2:      layout_basic, lemuel_coloured_pillars_altar, uniq_sigmund

Skill      XL: |  1 |
---------------+----+-----
Dodging        | 1 |  1.6
Polearms       | 2 |  2.2
Armour         | 2 |  2.2
Fighting       | |  3.4
Invocations    | |  2.4

Action                   || total
-------------------------++-------
Melee: Spear             ||   138
Invok: Depart the Abyss  ||     1
  Use: Scroll            ||     5
       Potion            ||     2
 Stab: Sleeping          ||     1
Armor: Leather armour    ||    39
Dodge: Dodged            ||    60

Table legend: (Time is in decaauts)
 A = Elapsed time spent in this place.
 B = Non-inter-level travel time spent in this place.
 C = Inter-level travel time spent in this place.
 D = Time resting spent in this place.
 E = Time spent auto-exploring this place.
 F = Levels seen in this place.
 G = Mean time per level.
                   A        B        C        D        E       F      G
               +--------+--------+--------+--------+--------+-----+--------+
         Total |   1640 |   1631 |      9 |      0 |   1376 |   3 |  546.7 |
       Dungeon |   1610 |   1601 |      9 |      0 |   1347 |   2 |  805.0 |
         Abyss |     30 |     30 |      0 |      0 |     29 |   1 |   30.0 |
               +--------+--------+--------+--------+--------+-----+--------+

Top non-repeatable levels by time:
     D:1: 1315 daAuts
     D:2: 294 daAuts
 Abyss:1: 30 daAuts
